 Dungeon Crawl Stone Soup version 0.28.0-53-g5a82cb258f (webtiles) character file.

Game seed: 5899050395194736838

147 nonceun the Chopper (level 5, -2/45 HPs)
             Began as a Minotaur Berserker on July 12, 2022.
             Was a Believer of Trog.
             Killed by divine providence
             ... invoked by an orc priest
              (12 damage)
             ... on level 3 of the Dungeon on July 13, 2022.
             The game lasted 00:10:29 (2521 turns).

nonceun the Chopper (Minotaur Berserker)            Turns: 2521, Time: 00:10:30

Health: -2/45      AC:  6    Str: 23    XL:     5   Next: 7%
Magic:  4/4        EV: 10    Int:  4    God:    Trog [**....]
Gold:   99         SH:  0    Dex: 10    Spells: 4/4 levels left

rFire   + . .      SeeInvis .   a - +0 hand axe
rCold   . . .      Faith    .   (no shield)
rNeg    . . .      Spirit   .   i - +0 scale mail
rPois   .          Reflect  .   (helmet restricted)
rElec   .          Harm     .   (no cloak)
rCorr   .          Rampage  .   (no gloves)
Will    .....                   (no boots)
Stlth   ..........              (no amulet)
HPRegen 0.15/turn               k - ring of protection from fire
MPRegen 0.09/turn               (no ring)

@: no status effects
A: horns 2, retaliatory headbutt
a: Renounce Religion, Berserk, Trog's Hand


You were on level 3 of the Dungeon.
You worshipped Trog.
Trog was pleased with you.
You visited 1 branch of the dungeon, and saw 3 of its levels.

You collected 141 gold pieces.
You spent 42 gold pieces at shops.

Inventory:

Hand Weapons
 a - a +0 hand axe (weapon)
Missiles
 e - 99 stones (quivered)
 o - 5 boomerangs of dispersal
Armour
 i - a +0 scale mail (worn)
Jewellery
 c - a ring of fire
 k - a ring of protection from fire (left hand)
Wands
 p - a wand of flame (26)
Scrolls
 d - 3 scrolls of teleportation {unknown}
 f - a scroll of amnesia {unknown}
 j - 3 scrolls of identify {unknown}
 l - a scroll of holy word {unknown}
 n - a scroll of magic mapping {unknown}
Potions
 b - 2 potions of haste {unknown}
 g - 3 potions of curing
 h - 3 potions of brilliance {unknown}
 m - a potion of berserk rage {unknown}


   Skills:
 - Level 3.6 Fighting
 + Level 7.0 Axes
 - Level 2.4 Armour
 - Level 2.1 Dodging


You had 4 spell levels left.
You didn't know any spells.
Your spell library contained the following spells:

 Spells                   Type           Power      Damage    Failure   Level
 Freeze                   Ice            0%         1d3       82%         1
 Confusing Touch          Hex            0%         N/A       99%         3
 Frozen Ramparts          Ice            0%         1d2       99%         3
 Hailstorm                Conj/Ice       0%         3d3       100%        4
 Yara's Violent Unravell  Hex/Tmut       0%         3d3       100%        5
 Enfeeble                 Hex            0%         N/A       100%        7


Dungeon Overview and Level Annotations

Branches:
Dungeon (3/15)

Altars:

Shops:
D:3 [![

Annotations:
D:3 1 transporter


Innate Abilities, Weirdness & Mutations

You have a pair of horns on your head.
You reflexively headbutt those who attack you in melee.


Message History

Pain shoots through your body!
The orc priest mumbles some strange prayers to Beogh against you.
Beogh smites you!
The shadow imp shouts, "Back with thee, thou bumbling shard-borne dandiprat!"
There is a fountain of sparkling water here.
You enter the shallow water.
Moving in this stuff is going to be slow.
As you open the door, it creaks loudly! The shadow imp gestures at you.
Pain shoots through your body!
The orc priest casts a cantrip, but nothing happens.
The orc priest invokes the aid of Beogh against you.
You barely resist.
There is an open door here.
You close the door.
The shadow imp grinds its teeth.
j - 3 scrolls labelled RUKLEI KEENUDD (gained 1)
You see here 6 gold pieces.
Things that are here:
a book of Frost; 5 gold pieces You pick up a book of Frost and begin reading...
You add the spells Freeze, Frozen Ramparts and Hailstorm to your library.
You now have 93 gold pieces (gained 5).
The shadow imp shouts, "Scamper away, thou bootless onion-eyed bull-brain!"
The shadow imp grinds its teeth.
There is a transporter here.
You see here 6 gold pieces.
You now have 99 gold pieces (gained 6).
The shadow imp shouts, "Away with thee, thou clouted bat-fowling mule!"
There are monsters nearby!
The orc priest miscasts a cantrip.
The orc priest suddenly grunts, as Orcs often do.
The orc priest miscasts a cantrip.
The orc priest invokes the aid of Beogh against you.
Beogh smites you!
* * * LOW HITPOINT WARNING * * *
The shadow imp shouts, "Embrace submission, thou bootless dread-bolted bootlicker!"
The orc priest calls down the wrath of Beogh upon you.
Beogh smites you!
You die...

##...###..##.#...#.##.# ##.##
##...###.........#.##.# #.#
##...........#.#.#.##.# #.#
##.....)..............# #.#
###.###.##...........######.##
#>###.###..................#
#.##...##..###############.#
#..........#8≈#5oo....#P8#.###
####...##..#P@#≈≈≈≈≈≈≈#.P#....
##......#..#..≈≈≈..#..#...#
####..©#©.+..≈⌠≈..'.©#©..#
##..#..#..≈≈≈..#..#..##
##.#P.#≈≈≈≈≈≈≈#.P#.## #♣##
#.#8≈#5......#P8#.# .∩.♣
####.###############.# .♣.#
#....................# ...#
#.###.##.##########.##


You could see 2 orc priests and 2 shadow imps.

Vanquished Creatures
  Terence (D:2)
  6 adders
  2 worms (D:2)
  4 orcs (D:3)
  5 bats
  4 endoplasms
  3 giant cockroaches
  4 goblins
  4 hobgoblins
  3 jackals (D:2)
  3 quokkas
  5 ball pythons
  8 frilled lizards
  3 kobolds
  4 rats
59 creatures vanquished.

Notes
Turn   | Place    | Note
-------+----------+-------------------------------------------
     0 | D:1      | nonceun the Minotaur Berserker began the quest for the Orb.
     0 | D:1      | Reached XP level 1. HP: 19/19 MP: 0/0
   258 | D:1      | Reached skill level 4 in Axes
   300 | D:1      | Found a faded altar of an unknown god.
   307 | D:1      | Reached XP level 2. HP: 26/26 MP: 1/1
   959 | D:2      | Noticed Terence
   977 | D:2      | Killed Terence
   978 | D:2      | Reached skill level 5 in Axes
   978 | D:2      | Reached XP level 3. HP: 31/31 MP: 2/2
  1193 | D:2      | Reached ** piety under Trog
  1434 | D:2      | Reached XP level 4. HP: 39/39 MP: 3/3
  1436 | D:2      | Reached skill level 6 in Axes
  1736 | D:3      | Found Asalal's Distillery.
  1742 | D:3      | Bought a potion of curing for 42 gold pieces
  1747 | D:3      | Found Jexkitel's Armour Boutique.
  1811 | D:3      | Found a transporter.
  1833 | D:3      | Found a transporter.
  1911 | D:3      | Found Qeit's Antique Armour Emporium.
  2188 | D:3      | Reached XP level 5. HP: 40/45 MP: 4/4
  2289 | D:3      | Reached skill level 7 in Axes
  2521 | D:3      | Killed from afar by an orc priest

Illustrated notes

Levels and vault maps discovered:
D:1:      eino_arrival_druids_welcome, layout_loops_ring,
          hellmonk_ecumenical_altar_run_dry,
          hangedman_abyss_or_decor_lesser_grid, bh_walls_and_bars
D:2:      minmay_alternating_diamond, layout_basic, uniq_terence
D:3:      gammafunk_wand_slinger, layout_loops_ring, serial_shops,
          shop_fountains, nicolae_shop_trees, nicolae_shop_waterfront,
          minmay_misc_feat_chi, nrook_uturn

Skill      XL: |  1  2  3  4  5 |
---------------+----------------+-----
Axes           | 4 5 6 7 |  7.0
Fighting       | |  3.6
Armour         | |  2.4
Dodging        | |  2.1

Action                   |  1- 3 |  4- 6 || total
-------------------------+-------+-------++-------
Melee: Hand axe          |    63 |    72 ||   135
       Punch             |     1 |       ||     1
       Headbutt          |     4 |    11 ||    15
Throw: Stone             |     1 |       ||     1
Invok: Berserk           |     1 |       ||     1
Armor: Animal skin       |     4 |       ||     4
       Scale mail        |     5 |    26 ||    31
Dodge: Dodged            |    28 |    32 ||    60
